[Event "*** Titled Tuesday Blitz"]
[Site "Chess.com"]
[Date "2020.04.14"]
[Round "6"]
[White "RATNAKARAN"]
[Black "Maghalashvili"]
[Result "1-0"]
[WhiteElo "2570"]
[BlackElo "2841"]
[TimeControl "180+1"]
[EndTime "11:04:30 PDT"]
[Termination "RATNAKARAN won by resignation"]

1. e4 c5 2. Nf3 d6 3. c3 Nf6 4. h3 Bd7 5. Bd3 Bc6 6. Qe2 g6 7.
O-O Bg7 8. Bc2 O-O 9. d4 cxd4 10. cxd4 Na6 11. Nc3 Rc8 12. Bg5 Qa5 13. Rad1 b5 14.
e5 b4 15. exf6 exf6 16. Bd2 bxc3 17. Bxc3 Qb6 18. Rfe1 Nb4 19. Bb3 Nd5 20. Bd2 f5 21.
Rc1 Bb7 22. Rxc8 Rxc8 23. Rc1 Rb8 24. Qc4 Bf6 25. Bg5 Bxg5 26. Nxg5 Kg7 27. Qd3 Nf4 28.
Qe3 Nd5 29. Qd2 h6 30. Nf3 Nf6 31. d5 Re8 32. Qc3 Re7 33. Nd4 Kh7 34. Nxf5 Re5 35.
Ne3 Nxd5 36. Bxd5 Bxd5 37. Nxd5 Rxd5 38. g4 Rc5 39. Qd2 d5 40. Re1 Rc7 41. Qxd5 Qxb2 42. Qe5 Qxe5 43. Rxe5 Kg7 44. a4 Kf6 45. Ra5 Ke6 46.
Kg2 Kd6 47. h4 Kc6 48. Kg3 Kb6 49. Rb5+ Ka6 50. Rd5 Kb6 51. h5 gxh5 52. Rxh5 Rc6 53. f4 Rg6 54. Rf5 Rg7 55. Rf6+ Ka5 56. Rxh6 Rg8 57.
Rf6 Rg7 58. g5 Kb4 59. Ra6 Kc5 60. Rxa7 Kb6 61. Re7 1-0

[Event "*** Titled Tuesday Blitz"]
[Site "Chess.com"]
[Date "2020.04.14"]
[Round "6"]
[White "wild_cat99"]
[Black "mrkvoz"]
[Result "1/2-1/2"]
[WhiteElo "2557"]
[BlackElo "2776"]
[TimeControl "180+1"]
[EndTime "11:04:31 PDT"]
[Termination "Game drawn - insufficient material"]

1. Nf3 d6 2. e4 Nf6 3. Nc3 e5 4. d4 Nbd7 5. Bc4 Be7 6. O-O O-O 7. Bg5 c6 8. Qe2 exd4 9. Nxd4 Re8 10. Nf5 Ne5 11.
Nxe7+ Qxe7 12. Bb3 h6 13. Bh4 Ng6 14. Bg3 d5 15. Rfe1 Nxe4 16. Qf3 Ng5 17. Qd1 Qxe1+ 18. Qxe1 Rxe1+ 19. Rxe1 Bd7 20. h4 Ne6 21. Ne2 Re8 22. Kf1 Nc5 23. c4 Nxb3 24. axb3 dxc4 25. bxc4 Bf5 26.
h5 Nf8 27. Rd1 Bg4 28. f3 Bxh5 29. Bf2 a6 30. Nc1 Bg6 31. Rd6 Bc2 32. Rd2 Bf5 33. Nb3 Be6 34. Na5 Bc8 35. c5 Ne6 36. Nc4 Rd8 37.
Nd6 Kf8 38. Ke1 Ke7 39. Nf5+ Kf8 40. Bg3 Rxd2 41. Kxd2 Nf4 42. Nd6 Nh5 43. Be5 Be6 44. Nxb7 f6 45. Bd6+ Kg8 46. g4 Bd5 47. gxh5 Bxf3 48.
Nd8 Bxh5 49. Nxc6 Kf7 50. Na7 Ke6 51. Bf8 Kf7 52. Bd6 Ke6 53. Bg3 Bf3 54. c6 g5 55.
c7 Bb7 56. c8=Q+ Bxc8 57. Nxc8 f5 58. Nb6 f4 59. Bf2 g4 60. Na4 g3 61. Nc5+ Kd5 62. Nxa6 gxf2 63. Ke2 Kc4 64. b4 Kb5 65. Nc7+ Kxb4 66. Nd5+ Kc5 67. Nxf4 f1=Q+ 68. Kxf1 h5 69. Kg2 Kb5 70. Nxh5 1/2-1/2

[Event "*** Titled Tuesday Blitz"]
[Site "Chess.com"]
[Date "2020.04.14"]
[Round "6"]
[White "wnstop"]
[Black "2L8IWUN"]
[Result "0-1"]
[WhiteElo "2569"]
[BlackElo "2364"]
[TimeControl "180+1"]
[EndTime "11:04:31 PDT"]
[Termination "2L8IWUN won by checkmate"]

1. e4 c5 2. Nf3 d6 3. Bb5+ Bd7 4. Bxd7+ Nxd7 5. O-O Ngf6 6. Qe2 Rc8 7. d3 g6 8.
Nc3 Bg7 9. Nd2 O-O 10. f4 e6 11. Nf3 a6 12. a4 d5 13. e5 Ne8 14. Nd1 Nc7 15. c4 f6 16. Nf2 fxe5 17. fxe5 Rf5 18. Ng4 h5 19. Nh6+ Bxh6 20. Bxh6 Qe7 21. h4 d4 22. Qe4 b6 23. Bg5 Qe8 24. b3 a5 25. Ra2 Nf8 26. Raf2 Nd7 27. Qb7 Na8 28. g4 hxg4 29. Nh2 g3 30. Rxf5 gxh2+ 31. Kxh2 exf5 32. Qd5+ Kh7 33. e6 Nf8 34. e7 Nd7 35. h5 Nc7 36. Qd6 Nb8 37. Rf3 Qc6 38. hxg6+ Kg8 39. Qd8+ Ne8 40. Rxf5 Kg7 41. Rf8 Nd7 42. Rxe8 Qe6 43. Bh6+ Kxg6 44. Qxc8 Qe2+ 45. Kg3 Qe1+ 46. Kg2 Qe2+ 47.
Kg3 Qe1+ 48. Kf3 Qf1+ 49. Ke4 Qf5# 0-1

[Event "*** Titled Tuesday Blitz"]
[Site "Chess.com"]
[Date "2020.04.14"]
[Round "6"]
[White "Nbk90"]
[Black "kingandqueen2017"]
[Result "1-0"]
[WhiteElo "2529"]
[BlackElo "2330"]
[TimeControl "180+1"]
[EndTime "11:04:31 PDT"]
[Termination "Nbk90 won by checkmate"]

1. e4 c5 2. Nf3 d6 3. Bc4 Nf6 4. d3 Nc6 5. O-O g6 6. Re1 Bg7 7. c3 O-O 8. Bb3 Bg4 9. h3 Bxf3 10. Qxf3 Nd7 11. Qd1 e6 12. a4 a6 13. Na3 Nb6 14. Be3 Rc8 15. Qd2 Na5 16. Bc2 c4 17.
d4 d5 18. e5 Qd7 19. Qd1 Qc6 20. Nb1 Nd7 21. Nd2 b6 22. h4 Rfe8 23. h5 Nf8 24.
Qg4 Qd7 25. Bg5 Nc6 26. Qh4 h6 27. Be3 g5 28. Qg4 f5 29. exf6 Bxf6 30. f4 Qg7 31.
fxg5 Bxg5 32. Bxg5 Qxg5 33. Qxg5+ hxg5 34. Nf3 g4 35. Ne5 Nxe5 36. Rxe5 Kg7 37. Rg5+ Kh6 38. Rxg4 Kxh5 39.
Rg3 Nd7 40. Bg6+ Kh4 41. Bxe8 Rxe8 42. Kf2 Rf8+ 43. Rf3 Rg8 44. Rh1+ Kg4 45. Rg3+ Kf4 46. Rxg8 e5 47. Rh7 Nf6 48. Rf7 Kf5 49. Rgf8 exd4 50. Rxf6+ Ke4 51. Rf4+ Kd3 52. Rxd4+ Kc2 53. Ke3 Kxb2 54.
Kd2 b5 55. Rb8 Ka3 56. axb5 axb5 57. Rxb5 Ka4 58. Rbxd5 Ka3 59. Kc2 Ka4 60. Rxc4+ Ka3 61. Ra5# 1-0

[Event "*** Titled Tuesday Blitz"]
[Site "Chess.com"]
[Date "2020.04.14"]
[Round "6"]
[White "GreatOwl02"]
[Black "Andro2"]
[Result "0-1"]
[WhiteElo "2221"]
[BlackElo "2422"]
[TimeControl "180+1"]
[EndTime "11:04:31 PDT"]
[Termination "Andro2 won on time"]

1. e4 c5 2. Nf3 d6 3. d4 cxd4 4. Nxd4 Nf6 5. Nc3 a6 6. Be3 e5 7. Nb3 Be7 8. f3 Be6 9. Qd2 Qc7 10. O-O-O Nbd7 11. g4 b5 12. g5 b4 13. Ne2 Nh5 14.
Ng3 Nxg3 15. hxg3 a5 16. Kb1 a4 17. Nc1 b3 18. cxb3 axb3 19. a3 O-O 20. Qh2 h6 21.
gxh6 Rfc8 22. Bd3 g6 23. f4 Bc4 24. Bxc4 Qxc4 25. Rd3 Qxe4 26. Rd1 Rc2 27. Qh1 Qxh1 28. Rxh1 exf4 29. Bxf4 Kh7 30. Rxb3 Rc7 31. Re1 Nc5 32.
Rbe3 Bf6 33. Bxd6 Rb7 34. R1e2 Na4 35. Bb4 Rc8 36. Nd3 Nb6 37. Nf4 Nc4 38. Re4 Nb6 39. Re8 Rxe8 40. Rxe8 Kxh6 41. Rf8 Kg5 42. Re8 Kg4 43. Re3 Nc4 44. Rd3 Nxb2 45. Rb3 Nc4 46. Nd5 Nd2+ 47. Kc2 Nxb3 48. Nxf6+ Kxg3 49. Kxb3 Rb6 50.
Nd5 Re6 51. a4 f5 52. a5 f4 53. a6 Rxa6 0-1

[Event "*** Titled Tuesday Blitz"]
[Site "Chess.com"]
[Date "2020.04.14"]
[Round "6"]
[White "Frogo47"]
[Black "tsvet2005"]
[Result "1-0"]
[WhiteElo "2532"]
[BlackElo "2670"]
[TimeControl "180+1"]
[EndTime "11:04:32 PDT"]
[Termination "Frogo47 won by resignation"]

1. d4 d5 2. c4 e6 3. Nf3 Nf6 4. g3 dxc4 5. Bg2 Bb4+ 6. Bd2 a5 7.
O-O O-O 8. Qc2 Bxd2 9. Nbxd2 b5 10. a4 c6 11. b3 cxb3 12. Nxb3 b4 13. e4 Nbd7 14.
Rfd1 Qe7 15. Nfd2 e5 16. Qxc6 Ra6 17. Qc7 exd4 18. Nxd4 Qe5 19. Qxe5 Nxe5 20. f4 Ned7 21. e5 Ng4 22. Nc4 Nb6 23. Rdc1 Nxc4 24. Rxc4 Ne3 25. Rc7 Nxg2 26. Kxg2 Rd8 27. Kf2 Bg4 28. Ke3 h5 29. Rac1 Rb6 30. R7c6 Rb7 31. R6c5 Rbd7 32. R1c4 b3 33. Rb5 Be6 34. Nxe6 Rd3+ 35. Ke4 fxe6 36. f5 exf5+ 37. Kxf5 Rf8+ 38. Ke4 Rdf3 39. Rc7 Rf1 40. Rcb7 Re1+ 41. Kd5 Rd8+ 42. Ke6 Re8+ 43. Kd6 Rd8+ 44. Ke7 Rd3 45. e6 Rde3 46. R7b6 b2 47. Rxb2 Re4 48.
Ra2 h4 49. gxh4 Rxh4 50. Rd6 Rhe4 51. Rc6 R1e2 52. Rxe2 Rxe2 53. Rc5 Ra2 54. Rxa5 Rd2 55. Ke8 Kh7 56. e7 Kg6 57. Ra8 Kf6 58. Kf8 1-0

[Event "*** Titled Tuesday Blitz"]
[Site "Chess.com"]
[Date "2020.04.14"]
[Round "6"]
[White "velemajstor767276"]
[Black "Rakesh"]
[Result "0-1"]
[WhiteElo "2574"]
[BlackElo "2407"]
[TimeControl "180+1"]
[EndTime "11:04:33 PDT"]
[Termination "Rakesh won on time"]

1. d4 Nf6 2. c4 e5 3. dxe5 Ng4 4.
Nf3 Bc5 5. e3 Nc6 6. Be2 O-O 7.
Nc3 Re8 8. O-O Ngxe5 9. b3 Nxf3+ 10. Bxf3 Ne5 11. Be4 a5 12. Qh5 g6 13. Qe2 Ra6 14. Bb2 Rae6 15. Rad1 Qh4 16. g3 Qh3 17. Bg2 Qh6 18.
Nd5 Rc6 19. f4 d6 20. fxe5 dxe5 21. Nf6+ Rxf6 22. Rxf6 Bxe3+ 23. Kh1 Bf5 24. Rf1 Qg5 25. R6xf5 gxf5 26. Bh3 f4 27. gxf4 exf4 28. Qg4 h6 29. Bf6 Qg6 30. Qxg6+ fxg6 31. Bg2 c6 32. h4 Kf7 33.
Bc3 g5 34. hxg5 hxg5 35. Bh3 Kg6 36. Kg2 Rd8 37. Bg4 Rd3 38. Bxa5 b6 39. Be1 b5 40.
Bf3 Kf5 41. Bxc6 bxc4 42. Bb5 g4 43. Bxc4 f3+ 44. Kh1 Rd6 45. Bf2 Bxf2 46. Rxf2 Kf4 47. Kg1 g3 48. Rf1 Rh6 49. Bd5 f2+ 50. Rxf2+ gxf2+ 51. Kxf2 Rh2+ 52. Ke1 Ke3 53. Kd1 Rd2+ 54. Kc1 Rxd5 55. Kc2 Kd4 56. a4 Rh5 57. Kb2 Kc5 58. Ka3 Rh3 0-1

[Event "*** Titled Tuesday Blitz"]
[Site "Chess.com"]
[Date "2020.04.14"]
[Round "6"]
[White "karwowskikacper"]
[Black "Teidi96"]
[Result "1-0"]
[WhiteElo "2343"]
[BlackElo "2182"]
[TimeControl "180+1"]
[EndTime "11:04:33 PDT"]
[Termination "karwowskikacper won on time"]

1. e4 c5 2. Nf3 e6 3. d4 cxd4 4. Nxd4 Nc6 5. Nc3 Qc7 6. Be3 a6 7. Bd3 Nf6 8. O-O Ne5 9. f4 Neg4 10. Qf3 Nxe3 11. Qxe3 Bc5 12. Nce2 d6 13. h3 e5 14. fxe5 dxe5 15. c3 O-O 16. Kh1 Qb6 17. b4 exd4 18.
bxc5 dxe3 19. cxb6 Rd8 20. Rad1 Be6 21. Nd4 Bxa2 22. Rfe1 Rac8 23. Nf3 Rxc3 24. Bxa6 Rxd1 25. Rxd1 g6 26. Bxb7 e2 27. Re1 Bc4 28. Bd5 Bxd5 29. exd5 Nxd5 30. Rxe2 Nxb6 31. h4 h5 32. Kh2 Nd5 33.
Kg3 Rc4 34. Ne5 Ra4 35. Rd2 Ra3+ 36. Kf2 Nf4 37. g3 Ne6 38. Rd7 Ra2+ 39. Kf3 Ra5 40.
Nd3 Kg7 41. Kg2 Kf6 42. Rd6 Ra4 43. Rd5 Rd4 44. Rxd4 Nxd4 45. Kf2 Ne6 46. Kf3 Kf5 47. Nf2 Nd4+ 48. Ke3 Nc6 49. Kf3 f6 50. Kg2 Ne5 51.
Nd1 Ng4 52. Kf3 Ke5 53. Nc3 Kd4 54. Ne2+ Kd3 55. Nf4+ Kd4 56. Nxg6 Kd5 57. Nf4+ Ke5 58. Nxh5 1-0

[Event "*** Titled Tuesday Blitz"]
[Site "Chess.com"]
[Date "2020.04.14"]
[Round "6"]
[White "krzyzan94"]
[Black "Khamrakulov_Djurabek"]
[Result "0-1"]
[WhiteElo "2697"]
[BlackElo "2905"]
[TimeControl "180+1"]
[EndTime "11:04:34 PDT"]
[Termination "Khamrakulov_Djurabek won by checkmate"]

1. d4 Nf6 2. Nf3 e6 3. Bf4 c5 4.
e3 Nc6 5. Nbd2 d5 6. c3 Bd6 7.
Bg3 O-O 8. Bb5 Ne7 9. Bd3 Qc7 10. Ne5 Nd7 11. f4 f6 12. Nef3 e5 13. dxe5 fxe5 14.
Ng5 Nf6 15. O-O h6 16. fxe5 Bxe5 17. Nh7 Bxg3 18. hxg3 Qxg3 19. Rf3 Qe5 20. Nxf8 Kxf8 21. Qe1 Bg4 22. Rf1 Kg8 23. Nf3 Qe6 24. Bc2 Bf5 25. Rc1 Re8 26. Nh4 Bxc2 27. Rxc2 Qe4 28. Rd2 Ng4 29. Rf4 Qe6 30. Qg3 Nf6 31. Rd1 Nh5 32. Qg4 Nxf4 33. Qxf4 Kh7 34. Nf3 Ng6 35. Qc7 Qxe3+ 36.
Kh2 Qf4+ 37. Qxf4 Nxf4 38. Kg3 Nh5+ 39. Kf2 Nf6 40. Nd2 Re7 41. Nf3 Ne4+ 42. Kg1 Nf6 43. Rd2 g5 44. Rd1 Kg6 45. b4 b6 46. bxc5 bxc5 47.
Rb1 Ne4 48. Rc1 Ng3 49. Kf2 Ne4+ 50. Kg1 g4 51. Ne1 h5 52. Nd3 Kg5 53. Nb2 Ng3 54. Na4 Ne2+ 55. Kf2 Nxc1 56. Nxc5 Re2+ 57. Kg3 h4+ 58. Kh2 h3 59. Kh1 Rxg2 60. c4 Rc2 61. Ne6+ Kf6 62. cxd5 Nd3 63. Nf4 Nxf4 64. a4 g3 65. a5 Rc1# 0-1

[Event "*** Titled Tuesday Blitz"]
[Site "Chess.com"]
[Date "2020.04.14"]
[Round "6"]
[White "Morshynska"]
[Black "Mbneu"]
[Result "1-0"]
[WhiteElo "2123"]
[BlackElo "2200"]
[TimeControl "180+1"]
[EndTime "11:04:36 PDT"]
[Termination "Morshynska won by resignation"]

1. d4 Nf6 2. c4 c5 3. Nf3 cxd4 4. Nxd4 e5 5. Nf3 Nc6 6. e3 d5 7. cxd5 Qxd5 8. Qxd5 Nxd5 9. a3 Be7 10. Bd2 O-O 11. Nc3 Be6 12. Bb5 f6 13. Bc4 Rfd8 14. Rc1 Kf7 15.
Nxd5 Bxd5 16. Bxd5+ Rxd5 17. Bc3 a5 18. Ke2 a4 19.
Rhd1 Rad8 20. Rxd5 Rxd5 21. Rd1 Ke6 22. Nd2 b5 23. g4 g6 24. f4 exf4 25. exf4 Nd4+ 26.
Kf2 Bc5 27. Kg2 Nc2 28. Rc1 Ne3+ 29. Kf3 Kf7 30. Ne4 Nc4 31. Nxf6 Rd3+ 32. Ke4 Rh3 33.
Kd5 Ne3+ 34. Kxc5 Rxh2 35. Nd7 Nxg4 36. Ne5+ Nxe5 37. Bxe5 Ke6 38. Kxb5 g5 39. Kxa4 g4 40.
Re1 Kf5 41. Rg1 h5 42. b4 h4 43. b5 Rd2 44. b6 Rd7 45. Bc7 Rd4+ 46. Kb5 Rd2 47. b7 Rb2+ 48. Kc6 g3 49. b8=Q Rxb8 50.
Bxb8 Kg4 51. f5 Kxf5 52. Bxg3 hxg3 53. Rxg3 1-0

[Event "*** Titled Tuesday Blitz"]
[Site "Chess.com"]
[Date "2020.04.14"]
[Round "6"]
[White "jefferyx"]
[Black "Dynamikus"]
[Result "1-0"]
[WhiteElo "2891"]
[BlackElo "2757"]
[TimeControl "180+1"]
[EndTime "11:04:37 PDT"]
[Termination "jefferyx won by resignation"]

1. d4 d5 2. c4 c6 3. Nf3 Nf6 4.
cxd5 cxd5 5. Nc3 Nc6 6. Bf4 a6 7. Rc1 Bf5 8. e3 e6 9. Qb3 Bb4 10.
Be2 O-O 11. O-O Qe7 12. Na4 Na5 13. Qd1 Nd7 14. a3 Bd6 15. Bxd6 Qxd6 16. Nc5 Nxc5 17. dxc5 Qe7 18. Nd4 Bg6 19. Qa4 Qc7 20. b4 Nc4 21.
Rfe1 h6 22. Qb3 Ne5 23. a4 Rfc8 24.
b5 axb5 25. axb5 Qa5 26. Red1 Qa3 27. Qxa3 Rxa3 28. c6 bxc6 29. bxc6 Ra7 30. Nb5 Ra2 31. Nd4 Ra7 32. f4 Nc4 33. Bxc4 dxc4 34. Nb5 Ra5 35.
c7 Bd3 36. Rxc4 Bxc4 37. Rd8+ Kh7 38. Rxc8 Bxb5 39. Rh8+ Kxh8 40. c8=Q+ Kh7 41. Qc2+ f5 42. Qb3 Bd7 43. Kf2 Rd5 44. h3 h5 45. g4 hxg4 46. hxg4 Kg6 47. Kg3 fxg4 48. Kxg4 Kf7 49. Kf3 Rd6 50.
e4 Rd4 51. Qc3 Rd1 52. Qc7 Rd2 53. Ke3 Rd1 54. Ke2 Rd4 55. Ke3 Rd1 56. Qc2 Rd6 57.
Qc5 Rc6 58. Qa7 Ke8 59. Qd4 Kf7 60.
Qxd7+ 1-0

[Event "*** Titled Tuesday Blitz"]
[Site "Chess.com"]
[Date "2020.04.14"]
[Round "6"]
[White "anon132639"]
[Black "Harry_Rakkel"]
[Result "0-1"]
[WhiteElo "2694"]
[BlackElo "2541"]
[TimeControl "180+1"]
[EndTime "11:04:37 PDT"]
[Termination "Harry_Rakkel won by resignation"]

1. d4 Nf6 2. c4 e6 3. Nf3 d5 4. g3 Bb4+ 5. Bd2 Be7 6. Bg2 O-O 7.
O-O Nbd7 8. Qc2 c6 9. Bf4 Ne4 10. Nc3 g5 11. Be3 Nd6 12. c5 Nf5 13. g4 Nxe3 14.
fxe3 f5 15. h3 Qe8 16. b4 Qg6 17. b5 h5 18. a4 hxg4 19. hxg4 Kg7 20. a5 a6 21.
bxc6 bxc6 22. Rab1 Rh8 23. Na4 Nf6 24. Nb6 Rb8 25.
Nxc8 Rbxc8 26. Rb7 Kf8 27. gxf5 Qh7 28. Rf2 Ng4 29. Qd3 Nxf2 30. Kxf2 Qxf5 31. Qxf5+ exf5 32. Ne5 Rh6 33. Rb6 Bd8 34. Rxa6 Ke8 35. Bxd5 Rh2+ 36. Bg2 g4 37. Kg1 g3 38. Ra7 Bg5 39. Bxc6+ Kf8 40. Bg2 Bxe3+ 41. Kf1 Bxd4 42. Ng6+ Ke8 43.
c6 Bxa7 44. Ne5 Rxg2 45. Kxg2 Bb8 46. Nf3 Rxc6 47. Nd4 Ra6 48. Nxf5 Rxa5 49. Nd4 Ra2 50. Kf3 Kf7 51. Nf5 Ra3+ 52. e3 Kf6 53. Nh4 Ba7 54.
Ng2 Kg5 55. Ke4 Kg4 56. Nf4 Ra4+ 57. Kd3 Rxf4 58. exf4 g2 59. Ke2 g1=Q 60. Kd3 Qd4+ 0-1

[Event "*** Titled Tuesday Blitz"]
[Site "Chess.com"]
[Date "2020.04.14"]
[Round "6"]
[White "malandragem"]
[Black "stanyga"]
[Result "0-1"]
[WhiteElo "2510"]
[BlackElo "2676"]
[TimeControl "180+1"]
[EndTime "11:04:37 PDT"]
[Termination "stanyga won by resignation"]

1. e4 c5 2. Nc3 Nc6 3. g3 g6 4. Bg2 Bg7 5. Nge2 d6 6. d3 e5 7. Nd5 Nge7 8. Nec3 O-O 9. Bg5 f6 10. Be3 Nd4 11. Qd2 Bg4 12. Bxd4 cxd4 13. Nxe7+ Qxe7 14.
Nd5 Qf7 15. f4 Be6 16. O-O-O f5 17. Kb1 fxe4 18. dxe4 Bxd5 19. exd5 exf4 20. Rhf1 g5 21. h4 Qh5 22. hxg5 f3 23. Bh1 Rae8 24. Rde1 Rxe1+ 25.
Qxe1 Be5 26. g4 Qxg4 27. Qd1 Qxg5 28. Rg1 Bg3 29. Bxf3 Kh8 30. Qd3 Qf4 31. a3 Qxf3 32. Rxg3 Qxd3 33. Rxd3 Rf4 34. Rg3 h5 35. Ka2 Kh7 36. Kb3 h4 37. Rh3 Kg6 38. c4 dxc3 39.
bxc3 Kg5 40. c4 Kg4 41. Rh1 h3 42. c5 dxc5 43. Rg1+ Kf3 44. d6 Rd4 45. Rg6 h2 46. Rh6 Kg2 47. Rg6+ Kh3 48. Rh6+ Kg3 49. Rg6+ Rg4 50.
Rxg4+ Kxg4 51. d7 h1=Q 52. d8=Q Qc6 53. a4 Qb6+ 54. Qxb6 axb6 55. Kc4 Kf5 56. Kb3 Ke4 57. Kc4 Ke5 58. Kc3 Kd5 0-1

[Event "*** Titled Tuesday Blitz"]
[Site "Chess.com"]
[Date "2020.04.14"]
[Round "6"]
[White "Qingdom"]
[Black "zivicd"]
[Result "1/2-1/2"]
[WhiteElo "2101"]
[BlackElo "2216"]
[TimeControl "180+1"]
[EndTime "11:04:37 PDT"]
[Termination "Game drawn - insufficient material"]

1. d4 Nf6 2. Bg5 e6 3. e4 h6 4.
Bxf6 Qxf6 5. c3 d6 6. Bd3 e5 7. Ne2 g6 8. O-O Bg7 9. f4 exd4 10. cxd4 O-O 11. Nbc3 Qd8 12. Qb3 Kh8 13. Rad1 a6 14.
a4 b6 15. e5 Be6 16. d5 Bg4 17. e6 Qf6 18. Qc4 Ra7 19. h3 Bf5 20. Bxf5 Qxf5 21. g4 Qc2 22. f5 gxf5 23. gxf5 Be5 24. Qh4 Kh7 25. Kh1 Rg8 26. Rg1 Qxf5 27. Rxg8 Kxg8 28.
Rg1+ Kh7 29. exf7 Qxf7 30. Qe4+ Kh8 31. Nd1 Nd7 32. Ne3 Nc5 33. Qf5 Qxf5 34. Nxf5 Ra8 35. Nxh6 Rf8 36. Nc3 Nd3 37. Ne4 Rf4 38. Rg4 Kh7 39.
Rxf4 Nxf4 40. Nf7 Bxb2 41. h4 Nxd5 42. Kg2 b5 43. axb5 axb5 44. Kf3 Bd4 45. Nfg5+ Kg6 46.
Ne6 Be5 47. Kg4 b4 48. h5+ Kh7 49. N4g5+ Kg8 50. h6 Nf6+ 51. Kf5 Nh7 52. Nxc7 Nxg5 53.
Kxg5 b3 54. Nb5 b2 55. Na3 d5 56. Kf5 Bc3 57. Nb1 Be1 58. Ke5 Kh7 59. Kxd5 Kxh6 60.
Kc4 Bf2 61. Kb3 Bg3 62. Kxb2 1/2-1/2

[Event "*** Titled Tuesday Blitz"]
[Site "Chess.com"]
[Date "2020.04.14"]
[Round "6"]
[White "I_like_Kasparov"]
[Black "JiaHaoxiang"]
[Result "0-1"]
[WhiteElo "2361"]
[BlackElo "2602"]
[TimeControl "180+1"]
[EndTime "11:04:38 PDT"]
[Termination "JiaHaoxiang won by checkmate"]

1. e4 c5 2. Nc3 a6 3. g3 b5 4.
Bg2 Bb7 5. d3 e6 6. Be3 b4 7.
Nce2 d5 8. exd5 Bxd5 9. Nf3 Nf6 10.
O-O Be7 11. d4 c4 12. a3 bxa3 13. bxa3 O-O 14. Nc3 Nc6 15. Qe2 Rb8 16. Rfd1 Rb2 17. Bc1 Rb8 18. Bf4 Rb2 19. Bc1 Rb7 20. Nxd5 exd5 21. Ne5 Qc8 22. Bf4 Re8 23. c3 Bf8 24.
Qc2 Rb3 25. a4 Na5 26. Re1 h6 27. h4 Rb6 28. Rab1 Rxb1 29. Rxb1 Nb3 30. Re1 Qd8 31. Qf5 Qa5 32. Bxh6 Nxd4 33. Qf4 Ne6 34. Qf5 Qxc3 35. Re3 Qa1+ 36. Kh2 Nd4 37. Qf4 Ne6 38. Qf5 d4 39.
Rf3 d3 40. Bg5 Qxe5 41. Qxe5 Ng4+ 42. Kh3 Nxe5 43. Re3 Nxg5+ 44. hxg5 d2 45. Bf3 Nxf3 46. Rxe8 d1=Q 47. Rxf8+ Kxf8 48. Kg4 Nd4+ 49. Kf4 Qf3+ 50. Ke5 Nc6+ 51. Kd6 c3 52. g6 c2 53. gxf7 Nb4 54. a5 Qd5+ 55. Kc7 c1=Q+ 56. Kb8 Nc6+ 57. Ka8 Nxa5+ 58. Ka7 Qb7# 0-1

[Event "*** Titled Tuesday Blitz"]
[Site "Chess.com"]
[Date "2020.04.14"]
[Round "6"]
[White "Chess_Boxer123"]
[Black "Spring199"]
[Result "0-1"]
[WhiteElo "2469"]
[BlackElo "2325"]
[TimeControl "180+1"]
[EndTime "11:04:38 PDT"]
[Termination "Spring199 won by checkmate"]

1. d4 Nf6 2. Bf4 d5 3. e3 c5 4. Nf3 Nc6 5. Nbd2 Qb6 6. dxc5 Qxc5 7. h3 Bf5 8. Bd3 Bg6 9. O-O e6 10. a3 Be7 11. Rc1 O-O 12. Qe2 Rfd8 13. e4 dxe4 14.
Nxe4 Nxe4 15. Bxe4 Nd4 16. Nxd4 Qxd4 17. Bxg6 hxg6 18.
Be3 Qxb2 19. Rb1 Qxa3 20. Rxb7 Bf6 21. Rd1 a5 22. c4 a4 23. c5 Rxd1+ 24. Qxd1 Qc3 25.
Qd7 a3 26. Qxf7+ Kh7 27. Bd2 Qa1+ 28. Kh2 a2 29. Bf4 Qd4 30. Be3 a1=Q 31. Bxd4 Qxd4 32. Qxe6 Qe5+ 33. Qxe5 Bxe5+ 34. g3 Rc8 35. Kg2 Rxc5 36. Kf3 Bf6 37. Rd7 Rc2 38. Ke3 Kh6 39. h4 Kh5 40.
Rd5+ Kg4 41. Rd7 Ra2 42. Ke4 Rxf2 43. Rd3 Rg2 44. h5 Rxg3 45. Rxg3+ Kxg3 46. hxg6 Kg4 47.
Ke3 Kg5 48. Kf3 Kxg6 49. Kg4 Kh6 50. Kf5 Bh4 51. Kg4 Be1 52. Kf3 g5 53. Ke2 Ba5 54. Kf3 Bc7 55. Kg4 Kg6 56. Kf3 Kh5 57. Kg2 g4 58.
Kh1 Kh4 59. Kg2 g3 60. Kg1 Kh3 61. Kh1 g2+ 62. Kg1 Bb6# 0-1

[Event "*** Titled Tuesday Blitz"]
[Site "Chess.com"]
[Date "2020.04.14"]
[Round "6"]
[White "arctic_t00"]
[Black "Training_Day"]
[Result "1-0"]
[WhiteElo "2491"]
[BlackElo "2310"]
[TimeControl "180+1"]
[EndTime "11:04:40 PDT"]
[Termination "arctic_t00 won by resignation"]

1. d4 Nf6 2. Nf3 d5 3. e3 e6 4. Bd3 c5 5. b3 Nc6 6. O-O Bd6 7. c4 cxd4 8. exd4 O-O 9. Bb2 b6 10. Nbd2 Bb7 11. Qe2 Nb4 12. Bb1 Rc8 13. a3 Nc6 14. Bd3 Re8 15. Rad1 Bf8 16. Rfe1 g6 17. Nf1 Bg7 18. Ne3 Ne4 19. Ne5 Nxe5 20. dxe5 Qe7 21. b4 Red8 22. f3 d4 23. Bxe4 Bxe4 24. Ng4 Bb7 25.
Bxd4 Ba6 26. b5 Bb7 27. Nf6+ Bxf6 28. exf6 Qxa3 29. h4 Qf8 30. Bf2 Rxd1 31. Rxd1 Rd8 32. Rxd8 Qxd8 33. Qe5 a6 34. Kh2 axb5 35. cxb5 Bd5 36.
Bg3 h5 37. Qg5 Bc4 38. Bf4 Qf8 39. Qe5 Qc5 40. Qb8+ Qf8 41. Qxb6 Bd5 42. Qd4 Kh7 43. Qe5 Qc8 44. Qg5 Qf8 45. b6 Bb7 46. Qe5 Qg8 47.
Qc7 Bd5 48. b7 Bxb7 49. Qxb7 e5 50. Qe4 exf4 51. Qxf4 Qe8 52. Qg5 Qg8 53. Qf4 Qe8 54.
Qd6 Kg8 55. Qe7 Qb8+ 56. Kh3 Qf4 57. Qe8+ Kh7 58. Qxf7+ 1-0

[Event "*** Titled Tuesday Blitz"]
[Site "Chess.com"]
[Date "2020.04.14"]
[Round "6"]
[White "temiksmozg"]
[Black "BocharovD"]
[Result "1-0"]
[WhiteElo "2660"]
[BlackElo "2860"]
[TimeControl "180+1"]
[EndTime "11:04:41 PDT"]
[Termination "temiksmozg won by resignation"]

1. d4 Nf6 2. c4 e6 3. Nc3 Bb4 4. e3 O-O 5. Bd3 d5 6. Nf3 b6 7. O-O Ba6 8. cxd5 Bxd3 9. Qxd3 exd5 10. Ne5 Re8 11. Bd2 Bd6 12. f4 c5 13. Be1 Nbd7 14.
Bh4 Be7 15. Rad1 Rc8 16. dxc5 Nxc5 17. Qf5 g6 18. Qh3 Nce4 19. Bxf6 Nxf6 20. Rd3 Bd6 21. Ng4 Nxg4 22. Qxg4 Qf6 23. f5 Qe5 24. g3 Rc5 25.
Qf3 Qxf5 26. Qxf5 gxf5 27. Nxd5 Be5 28. b4 Rc2 29. a3 f6 30. Rxf5 Kf7 31. Rf2 Rec8 32.
Rdd2 Rc1+ 33. Kg2 Ra1 34. Nxf6 Bxf6 35. Rd6 Rxa3 36. Rdxf6+ Kg8 37. Rf7 Re8 38. Rb7 Rexe3 39. Rff7 Re2+ 40. Kh3 Raa2 41. Rg7+ Kf8 42. Rbf7+ Ke8 43.
Rxa7 Rxh2+ 44. Kg4 Rxa7 45. Rxa7 Rb2 46. Rxh7 Rxb4+ 47. Kf5 Kf8 48. g4 Rb1 49. Rb7 b5 50. Kg6 b4 51. g5 b3 52. Rb8+ Ke7 53. Kg7 Rg1 54. g6 Rg3 55. Kh7 Rh3+ 56. Kg8 Rg3 57. g7 Kf6 58. Rb6+ Ke7 59. Rb5 Kf6 60. Kf8 Rxg7 61.
Rb6+ Ke5 62. Kxg7 Kd4 63. Rxb3 1-0

[Event "*** Titled Tuesday Blitz"]
[Site "Chess.com"]
[Date "2020.04.14"]
[Round "6"]
[White "Durarbayli"]
[Black "Faqade"]
[Result "1-0"]
[WhiteElo "2827"]
[BlackElo "2632"]
[TimeControl "180+1"]
[EndTime "11:04:41 PDT"]
[Termination "Durarbayli won by resignation"]

1. e4 e5 2. Nf3 Nc6 3. Bb5 Nge7 4. c3 a6 5. Ba4 g6 6. d4 exd4 7. cxd4 b5 8. Bc2 Bg7 9. O-O d6 10. d5 Na5 11. Bd2 Bxb2 12. Bxa5 Bxa1 13. Nc3 Bb2 14. Qd2 f6 15. Ne2 O-O 16. Nfd4 Bd7 17. h4 f5 18. h5 fxe4 19. Bxe4 Bxd4 20. Qxd4 c5 21. dxc6 Qxa5 22. cxd7 d5 23. Bxd5+ Nxd5 24. Qxd5+ Kh8 25. Qd4+ Kg8 26. h6 Rf7 27. Nc3 Qc7 28. Nd5 Qd6 29.
Re1 Raf8 30. Ne7+ Rxe7 31. Qxd6 Rxe1+ 32. Kh2 Rd8 33. Qd5+ Kf8 34. Qd4 Kf7 35. Qg7+ Ke6 36. Qxh7 Re5 37. Qxg6+ Kxd7 38. f4 Re6 39. Qg7+ Re7 40. Qg4+ Kd6 41. Qg5 Rf8 42. f5 Ref7 43.
g4 Rf6 44. Kg3 Ke5 45. Qf4+ Kd5 46. Qd2+ Ke4 47. Qe2+ Kd4 48. Qd2+ Ke4 49. Qg5 Kd4 50. Kf3 b4 51. Qf4+ Kd5 52. Qxb4 Rh8 53. Qe4+ Kd6 54. Qd4+ Ke7 55. Qe5+ Kf7 56. g5 1-0

[Event "*** Titled Tuesday Blitz"]
[Site "Chess.com"]
[Date "2020.04.14"]
[Round "6"]
[White "JakubPulpan"]
[Black "harvsp123"]
[Result "1-0"]
[WhiteElo "2754"]
[BlackElo "2535"]
[TimeControl "180+1"]
[EndTime "11:04:41 PDT"]
[Termination "JakubPulpan won by resignation"]

1. Nf3 Nf6 2. g3 g6 3. Bg2 Bg7 4. b3 d6 5. d4 b5 6. Bb2 Bb7 7. O-O Nbd7 8. Nbd2 O-O 9. Re1 c5 10. c4 a6 11. Rc1 Re8 12. e4 cxd4 13. Nxd4 Qb6 14.
Ba1 e5 15. N4f3 b4 16. c5 Nxc5 17. Nc4 Qa7 18. Qxd6 Nfxe4 19. Qb6 Nd3 20. Qxa7 Rxa7 21. Rcd1 Nxe1 22. Rxe1 Rd8 23. Nfxe5 Nc3 24. Bc6 Bf6 25. Nd7 Bxc6 26. Nxf6+ Kg7 27. Ne5 Bb5 28. Nfg4 f6 29. Nc4 Bxc4 30. bxc4 Rad7 31. Ne3 Rd2 32. a3 a5 33. axb4 axb4 34. Kg2 Ra2 35. Bxc3 bxc3 36. Rc1 c2 37. Nxc2 Rd2 38. Ne3 Rxf2+ 39. Kg1 Rxh2 40. c5 Rhe2 41. Nf1 Rg2+ 42. Kh1 Rgc2 43. Rd1 Rxc5 44. Rd7+ Kg8 45. Kg1 f5 46. Rd8+ Kf7 47. Rd2 Kf6 48. Rxa2 Rc3 49. Ra7 h5 50. Kg2 Kg5 51. Nh2 Rc2+ 52.
Kh3 Rc3 53. Ra4 Rd3 54. Rf4 Rc3 55. Nf3+ Kf6 56. Kg2 g5 57. Ra4 g4 58. Ra6+ Kg7 59. Nh4 Rc2+ 60. Kg1 Rc5 61. Kf2 Rc2+ 62. Ke3 Rc5 63.
Kf4 Rc4+ 64. Kg5 f4 65. gxf4 g3 66. Nf5+ Kf7 67. Nd6+ 1-0